 Dungeon Crawl Stone Soup version 0.29.0-4-gdea44cf6ec (webtiles) character file.

Game seed: 289478414034645058

2755 qw the Cleaver (level 9, -11/57 HPs)
             Began as a Gargoyle Fighter on Sept 10, 2022.
             Mangled by a two-headed ogre
             ... wielding a +0 giant spiked club
              (24 damage)
             ... on level 7 of the Dungeon.
             The game lasted 00:02:51 (7923 turns).

qw the Cleaver (Gargoyle Fighter)                   Turns: 7923, Time: 00:02:51

Health: -11/57     AC: 18    Str: 29    XL:     9   Next: 69%
Magic:  9/9        EV:  9    Int: 10    God:
Gold:   401        SH:  5    Dex: 13    Spells: 8/8 levels left

rFire   . . .      SeeInvis +   Y - +0 war axe (flame)
rCold   + . .      Faith    .   c - +0 buckler
rNeg    + . .      Spirit   .   p - +0 chain mail
rPois   inf        Reflect  .   (no helmet)
rElec   +          Harm     .   (no cloak)
rCorr   .          Rampage  .   g - +0 pair of gloves
Will    ++...                   i - +0 pair of boots
Stlth   ..........              (no amulet)
HPRegen 0.19/turn               f - ring of protection from cold
MPRegen 0.11/turn               b - ring "Qumnierph" {Will++ Str+6 Dex+4 SInv}

@: no status effects
A: sickness immunity, AC +6, negative energy resistance 1, electricity
resistance, torment resistance 1, petrification resistance
a: no special abilities


You were on level 7 of the Dungeon.
You visited 1 branch of the dungeon, and saw 7 of its levels.

You collected 401 gold pieces.


Innate Abilities, Weirdness & Mutations

You are immune to sickness and miasma.
Your stone body is resilient. (AC +6)
You are immune to poison.
You resist negative energy. (rN+)
You are resistant to electric shocks. (rElec)
You are resistant to unholy torment.
You are immune to petrification.


   Skills:
 - Level 7.1 Fighting
 + Level 9.3 Axes
 - Level 1.7 Throwing
 - Level 5.0 Armour
 - Level 2.7 Dodging
 - Level 4.1 Shields


You had 8 spell levels left.
You didn't know any spells.
Your spell library was empty.

Inventory:

Hand Weapons
 Y - a +0 war axe of flaming (weapon)
Missiles
 j - a boomerang (quivered)
Armour
 c - a +0 buckler (worn)
 g - a +0 pair of gloves (worn)
 i - a +0 pair of boots (worn)
 p - a +0 chain mail (worn)
Jewellery
 b - the ring "Qumnierph" (right hand) {Will++ Str+6 Dex+4 SInv}
   (You found it on level 6 of the Dungeon)

   [ring of strength]

   Str:       It affects your strength (+6).
   Dex:       It affects your dexterity (+4).
   SInv:      It lets you see invisible.
   Will:      It greatly increases your willpower.
 f - a ring of protection from cold (left hand)
Scrolls
 e - a scroll of identify
 q - a scroll of teleportation
 r - a scroll of blinking
Potions
 a - a potion of cancellation
 d - a potion of might
 h - a potion of attraction {unknown}
 k - 5 potions of curing
 m - a potion of lignification
 n - a potion of ambrosia {unknown}

Dungeon Overview and Level Annotations

Branches:
Dungeon (7/15)
 Temple: D:4-7

Altars:
Kikubaaqudgha
Sif Muna
Trog


Message History

You start resting.
You feel a little less clever now.
A two-headed ogre comes into view.
It is wielding two +0 giant spiked clubs.
7855 ||| FLEEEEING.
The two-headed ogre shouts in stereo!
7856 ||| FLEEEEING.
7857 ||| FLEEEEING.
7858 ||| FLEEEEING.
7859 ||| FLEEEEING.
7861 ||| FLEEEEING.
7862 ||| FLEEEEING.
7863 ||| FLEEEEING.
7868 ||| FLEEEEING.
7869 ||| FLEEEEING.
7870 ||| FLEEEEING.
7871 ||| FLEEEEING.
7872 ||| FLEEEEING.
7873 ||| FLEEEEING.
7874 ||| FLEEEEING.
7875 ||| FLEEEEING.
There is a stone staircase leading up here.
7876 ||| STAIRDANCE You climb upwards.
There is a stone staircase leading down here.
You start resting.
HP restored.
Done exploring.
(D) Dungeon
Where to? (* - list waypoints, Enter - D:7, ? - help)
What level of the Dungeon? (default 1, ? - help)
You climb downwards.
The two-headed ogre hits you with a +0 giant spiked club!
The two-headed ogre closely misses you.
There is a stone staircase leading up here.
You hit the two-headed ogre but do no damage.
The two-headed ogre barely misses you.
The two-headed ogre hits you but does no damage.
You barely miss the two-headed ogre.
The two-headed ogre hits you with a +0 giant spiked club!! x2
You die...

### #@#
#O# #.#
#.# #.#
#.# #.#
#########
#.#
#.......#
#.#
#.......#


You could see a two-headed ogre.

Vanquished Creatures
  2 trolls
  Edmund (D:4)
  Menkaure (D:6)
  A water moccasin (D:6)
  2 sky beasts
  4 black bears
  A phantom (D:5)
  2 kobold brigands (D:4)
  3 necrophages
  5 scorpions
  3 hounds (D:6)
  2 jellies (D:6)
  4 orc priests
  2 gnoll boudas (D:6)
  3 iguanas
  4 orc wizards
  3 gnolls (D:3)
  16 adders
  2 white imps (D:5)
  2 worms
  4 dart slugs
  20 orcs
  5 ball pythons
  5 bats
  3 giant cockroaches
  4 hobgoblins
  14 kobolds
  5 quokkas
  2 frilled lizards
  5 goblins
  3 rats
133 creatures vanquished.

Vanquished Creatures (others)
  2 fungi (D:1)
2 creatures vanquished.

Grand Total: 135 creatures vanquished

Notes
Turn   | Place    | Note
-------+----------+-------------------------------------------
     0 | D:1      | qw the Gargoyle Fighter began the quest for the Orb.
     0 | D:1      | Reached XP level 1. HP: 14/14 MP: 1/1
     0 | D:1      | 0 ||| qw: Version: 0.1-a-116-g5d60599
     0 | D:1      | 0 ||| qw: Game counter: 7464
     0 | D:1      | 0 ||| qw: Always use a shield: true
     0 | D:1      | 0 ||| qw: God list: Okawaru
     0 | D:1      | 0 ||| qw: Allow faded altars: false
     0 | D:1      | 0 ||| qw: Do Orc after D:15 true
     0 | D:1      | 0 ||| qw: Do second Lair branch before Depths: true
     0 | D:1      | 0 ||| qw: Lair rune preference: random
     0 | D:1      | 0 ||| qw: Plans: Normal, Zot, God:TSO, Crypt, Tomb, Zig,
                  | Orb
     0 | D:1      | 0 ||| PLANNING D:1-11
    51 | D:1      | Reached skill level 2 in Axes
   185 | D:1      | Reached XP level 2. HP: 19/19 MP: 2/2
   202 | D:1      | Found a faded altar of an unknown god.
   945 | D:1      | 945 ||| UPGRADING to +0 pair of boots.
   950 | D:1      | 950 ||| READING scroll labelled SAF RUUMOL.
   955 | D:1      | 955 ||| READING scroll labelled ORAPROH FY QYKK.
   956 | D:1      | 956 ||| READING scroll labelled BUIWNINYWK.
  1249 | D:2      | Reached skill level 3 in Axes
  1325 | D:2      | Reached XP level 3. HP: 21/23 MP: 3/3
  1484 | D:2      | 1484 ||| Stepping ~*~*~tactically~*~*~ (stealth).
  1575 | D:2      | Reached XP level 4. HP: 27/28 MP: 4/4
  1584 | D:2      | Reached skill level 4 in Axes
  2112 | D:2      | 2112 ||| UPGRADING to +0 chain mail.
  2122 | D:2      | 2122 ||| DROPPING +0 scale mail.
  2123 | D:2      | 2123 ||| READING scroll labelled QOBREB VEYCRU.
  2124 | D:2      | 2124 ||| READING 3 scrolls labelled VEPA ZOWNAYRGH.
  2125 | D:2      | 2125 ||| READING scroll labelled QUG MOOZEPY.
  2126 | D:2      | 2126 ||| DRINKING 3 lumpy coppery potions.
  2127 | D:2      | 2127 ||| DRINKING 2 silvery potions.
  2128 | D:2      | 2128 ||| READING 2 scrolls of identify.
  2128 | D:2      | 2128 ||| IDENTIFYING murky coppery potion
  2129 | D:2      | 2129 ||| DROPPING potion of degeneration.
  2350 | D:3      | Reached XP level 5. HP: 9/32 MP: 5/5
  2351 | D:3      | HP: 7/32 [gnoll/+0 spear (3)]
  2352 | D:3      | 2352 ||| READING 2 scrolls of teleportation.
  2353 | D:3      | 2353 ||| DRINKING 2 potions of heal wounds.
  2392 | D:3      | 2392 ||| DROPPING +0 mace.
  2415 | D:3      | 2415 ||| FLEEEEING.
  2416 | D:3      | 2416 ||| FLEEEEING.
  2417 | D:3      | 2417 ||| FLEEEEING.
  2418 | D:3      | 2418 ||| STAIRDANCE
  2434 | D:2      | Reached skill level 5 in Axes
  2525 | D:2      | 2525 ||| READING scroll labelled WOOSMET YCLY.
  2540 | D:3      | 2540 ||| STAIRDANCE
  2624 | D:3      | 2624 ||| DRINKING potion of curing.
  2624 | D:3      | 2624 ||| (to cure confusion)
  2981 | D:3      | 2981 ||| Stepping ~*~*~tactically~*~*~ (stealth).
  2982 | D:3      | 2982 ||| Stepping ~*~*~tactically~*~*~ (stealth).
  3191 | D:3      | Found a bloodstained altar of Trog.
  3401 | D:3      | 3401 ||| UPGRADING to ring of protection from cold.
  3402 | D:3      | 3402 ||| READING scroll labelled PAETEA DOTU.
  3403 | D:3      | 3403 ||| READING 3 scrolls labelled DIQO WIONOCA.
  3404 | D:3      | 3404 ||| DRINKING 2 viscous coppery potions.
  3404 | D:3      | Gained mutation: You are occasionally teleported next to
                  | monsters. [potion of mutation]
  3404 | D:3      | Gained mutation: Your flesh is heat resistant. (rF+)
                  | [potion of mutation]
  3405 | D:3      | 3405 ||| DRINKING potion of mutation.
  3405 | D:3      | Lost mutation: You are occasionally teleported next to
                  | monsters. [potion of mutation]
  3405 | D:3      | Lost mutation: Your flesh is heat resistant. (rF+) [potion
                  | of mutation]
  3405 | D:3      | Gained mutation: You have hidden genetic defects. [potion
                  | of mutation]
  3405 | D:3      | Lost mutation: You have hidden genetic defects. [potion of
                  | mutation]
  3406 | D:3      | 3406 ||| DROPPING 2 scrolls of poison.
  3448 | D:4      | Noticed a sky beast
  3472 | D:4      | Killed a sky beast
  3473 | D:4      | Reached XP level 6. HP: 11/38 MP: 6/6
  3782 | D:4      | Noticed Edmund
  3801 | D:4      | HP: 5/38 [Edmund/+1 flail of protection (6)]
  3802 | D:4      | 3802 ||| READING scroll of teleportation.
  3803 | D:4      | 3803 ||| DRINKING potion of heal wounds.
  3804 | D:4      | Found an ancient bone altar of Kikubaaqudgha.
  3825 | D:4      | Killed Edmund
  3826 | D:4      | Reached skill level 6 in Axes
  3945 | D:4      | 3945 ||| Stepping ~*~*~tactically~*~*~ (stealth).
  3955 | D:4      | 3955 ||| DROPPING +0 flail.
  4009 | D:4      | Reached XP level 7. HP: 43/43 MP: 7/7
  4058 | D:4      | Found a shimmering blue altar of Sif Muna.
  4155 | D:4      | Reached skill level 1 in Dodging
  4504 | D:4      | 4504 ||| FLEEEEING.
  4505 | D:4      | 4505 ||| FLEEEEING.
  4506 | D:4      | 4506 ||| FLEEEEING.
  4713 | D:4      | Reached skill level 7 in Axes
  4742 | D:4      | 4742 ||| Stepping ~*~*~tactically~*~*~ (stealth).
  4829 | D:4      | 4829 ||| UPGRADING to +0 pair of gloves.
  4834 | D:4      | 4834 ||| READING scroll labelled ASIZXOIRIMIMP.
  4835 | D:4      | 4835 ||| DROPPING +1 flail of protection.
  4836 | D:4      | 4836 ||| DRINKING 2 ruby potions.
  4880 | D:5      | Entered Level 5 of the Dungeon
  5051 | D:5      | Reached XP level 8. HP: 42/49 MP: 8/8
  5112 | D:5      | 5112 ||| FLEEEEING.
  5113 | D:5      | 5113 ||| FLEEEEING.
  5115 | D:5      | 5115 ||| FLEEEEING.
  5116 | D:5      | 5116 ||| FLEEEEING.
  5118 | D:5      | 5118 ||| FLEEEEING.
  5120 | D:5      | 5120 ||| FLEEEEING.
  5121 | D:5      | 5121 ||| FLEEEEING.
  5122 | D:5      | 5122 ||| FLEEEEING.
  5123 | D:5      | 5123 ||| FLEEEEING.
  5124 | D:5      | 5124 ||| FLEEEEING.
  5125 | D:5      | 5125 ||| FLEEEEING.
  5126 | D:5      | 5126 ||| FLEEEEING.
  5128 | D:5      | 5128 ||| FLEEEEING.
  5129 | D:5      | 5129 ||| FLEEEEING.
  5130 | D:5      | 5130 ||| FLEEEEING.
  5131 | D:5      | 5131 ||| FLEEEEING.
  5132 | D:5      | 5132 ||| FLEEEEING.
  5133 | D:5      | 5133 ||| FLEEEEING.
  5134 | D:5      | 5134 ||| FLEEEEING.
  5135 | D:5      | 5135 ||| FLEEEEING.
  5136 | D:5      | 5136 ||| FLEEEEING.
  5138 | D:5      | 5138 ||| FLEEEEING.
  5140 | D:5      | 5140 ||| FLEEEEING.
  5141 | D:5      | 5141 ||| FLEEEEING.
  5142 | D:5      | 5142 ||| FLEEEEING.
  5143 | D:5      | 5143 ||| FLEEEEING.
  5144 | D:5      | 5144 ||| FLEEEEING.
  5265 | D:5      | 5265 ||| Invisible monster not found???
  5408 | D:5      | 5408 ||| Stepping ~*~*~tactically~*~*~ (hiding).
  5460 | D:5      | Reached skill level 8 in Axes
  5838 | D:5      | 5838 ||| READING scroll labelled PAEPNO ROAXT.
  5839 | D:5      | 5839 ||| DRINKING 2 inky potions.
  5860 | D:6      | Reached skill level 1 in Throwing
  5929 | D:6      | 5929 ||| Stepping ~*~*~tactically~*~*~ (stealth).
  5957 | D:6      | Identified the +7 trident "Rebbiuse" {drain, rElec rPois
                  | Str+4}
  5958 | D:6      | Identified the ring "Qumnierph" {Will++ Str+6 Dex+4 SInv}
  6031 | D:6      | 6031 ||| Stepping ~*~*~tactically~*~*~ (hiding).
  6044 | D:6      | HP: 4/51 [orc priest/divine providence (11)]
  6049 | D:6      | Reached skill level 6 in Fighting
  6429 | D:6      | Noticed Menkaure
  6430 | D:6      | 6430 ||| Stepping ~*~*~tactically~*~*~ (hiding).
  6435 | D:6      | Killed Menkaure
  6657 | D:6      | Reached XP level 9. HP: 48/55 MP: 9/9
  6664 | D:6      | Reached skill level 9 in Axes
  6724 | D:6      | 6724 ||| Stepping ~*~*~tactically~*~*~ (stealth).
  6729 | D:6      | Noticed a troll
  6730 | D:6      | 6730 ||| Stepping ~*~*~tactically~*~*~ (stealth).
  6738 | D:6      | Killed a troll
  6771 | D:6      | 6771 ||| FLEEEEING.
  6772 | D:6      | 6772 ||| FLEEEEING.
  6773 | D:6      | 6773 ||| Stepping ~*~*~tactically~*~*~ (stealth).
  6774 | D:6      | 6774 ||| FLEEEEING.
  7742 | D:6      | 7742 ||| DROPPING +0 scale mail of cold resistance.
  7743 | D:6      | 7743 ||| UPGRADING to ring "Qumnierph" {Will++ Str+6 Dex+4
                  | SInv}.
  7744 | D:6      | 7744 ||| DRINKING 2 pink potions.
  7745 | D:6      | 7745 ||| DROPPING potion of brilliance.
  7788 | D:7      | Noticed a troll
  7798 | D:7      | Killed a troll
  7854 | D:7      | Noticed a two-headed ogre
  7855 | D:7      | 7855 ||| FLEEEEING.
  7856 | D:7      | 7856 ||| FLEEEEING.
  7857 | D:7      | 7857 ||| FLEEEEING.
  7858 | D:7      | 7858 ||| FLEEEEING.
  7859 | D:7      | 7859 ||| FLEEEEING.
  7861 | D:7      | 7861 ||| FLEEEEING.
  7862 | D:7      | 7862 ||| FLEEEEING.
  7863 | D:7      | 7863 ||| FLEEEEING.
  7868 | D:7      | 7868 ||| FLEEEEING.
  7869 | D:7      | 7869 ||| FLEEEEING.
  7870 | D:7      | 7870 ||| FLEEEEING.
  7871 | D:7      | 7871 ||| FLEEEEING.
  7872 | D:7      | 7872 ||| FLEEEEING.
  7873 | D:7      | 7873 ||| FLEEEEING.
  7874 | D:7      | 7874 ||| FLEEEEING.
  7875 | D:7      | 7875 ||| FLEEEEING.
  7876 | D:7      | 7876 ||| STAIRDANCE
  7923 | D:7      | HP: 13/57 [two-headed ogre/+0 giant spiked club (27)]
  7923 | D:7      | Mangled by a two-headed ogre

Levels and vault maps discovered:
D:1:      psy_arrival_spokes, layout_basic,
          shapermc_ecumenical_altar_mp_urbaneastern, bh_walls_and_bars
D:2:      layout_loops_corners, minmay_joined_circles
D:3:      layout_loops_corners, trog_book
D:4:      cheibrodos_thug_alley, layout_loops_ring,
          mainiacjoe_overflow_alcove_1, nicolae_kikubaaqudgha_miasma_corner,
          minmay_fountain_box, uniq_edmund
D:5:      layout_loops_ring
D:6:      layout_layer_cave, nzn_random_ring, uniq_menkaure
D:7:      layout_basic, nicolae_overflow_hidden_temple,
          minmay_temple_entry_slanted, minmay_misc_feat_enclosed,
          uniq_crazy_yiuf_cottage, uniq_duvessa, uniq_maggie

Skill      XL: |  1  2  3  4  5  6  7  8  9 |
---------------+----------------------------+-----
Axes           | 2 3 4 5 6 7 8 9 |  9.3
Fighting       | 4 5 6 7 |  7.1
Dodging        | 1 2 |  2.7
Armour         | 4 5 |  5.0
Throwing       | 1 |  1.7
Shields        | 4 |  4.1

Action                   |  1- 3 |  4- 6 |  7- 9 || total
-------------------------+-------+-------+-------++-------
Melee: War axe           |    80 |   204 |   267 ||   551
Throw: Boomerang         |       |     8 |    43 ||    51
  Use: Scroll            |     3 |     9 |     2 ||    14
       Potion            |       |     7 |     3 ||    10
Armor: Scale mail        |    55 |    16 |       ||    71
       Chain mail        |       |   117 |   158 ||   275
Dodge: Dodged            |    48 |    65 |    81 ||   194
Block: Buckler           |    14 |    36 |    47 ||    97

Table legend:
 A = Non-vault XP
 B = Vault XP
 C = Vault XP percentage of total XP
 D = Non-vault monster count
 E = Vault monster count
 F = Vault count percentage of total count
                 A         B        C        D         E       F
            +---------+---------+-------+---------+---------+-------
      Total |    2148 |    1789 |  45.4 |      91 |      42 |  31.6
            +---------+---------+-------+---------+---------+-------
        D:1 |      18 |       0 |   0.0 |      11 |       0 |   0.0
        D:2 |      71 |      65 |  47.8 |       7 |      14 |  66.7
        D:3 |     142 |       0 |   0.0 |      19 |       0 |   0.0
        D:4 |     351 |     368 |  51.2 |      13 |      11 |  45.8
        D:5 |     726 |       0 |   0.0 |      25 |       0 |   0.0
        D:6 |     539 |    1356 |  71.6 |      15 |      17 |  53.1
        D:7 |     301 |       0 |   0.0 |       1 |       0 |   0.0
            +---------+---------+-------+---------+---------+-------
